AoeStats
← 水鱼

Arabia

505003008Analyzed
1v1 RM · 24d ago on Sep 7, 2026· 37m 47s· 2 players
Game mode
Random Map
Map size
Tiny (2 player)
Population
200
Speed
Normal
Resources
Standard
Victory
Conquest
Starting age
Dark Age
Ending age
Imperial Age
RankedLock teamsTeams togetherTeam positionsShared explorationLock speedFull tech treeHidden civsTurbo modeCheats
Victory
Defeat
🇨🇳 Persians · China
1247
+17
🇧🇷 Franks · Brazil
1261
-17
水鱼
6:01 Loom
8:39 Feudal Age
8:40 Man-at-Arms
15:47 Double-Bit Axe
23:41 Castle Age
22:48 Scale Barding Armor
22:53 Forging
22:59 Horse Collar
23:15 Gold Mining
24:33 Wheelbarrow
24:15 Bloodlines
30:32 Chain Barding Armor
33:43 Iron Casting
35:34 Fletching
38:13 Husbandry
Franklin Roosevelt
6:22 Loom
9:16 Feudal Age
18:44 Fletching
24:41 Castle Age
23:21 Gold Mining
23:19 Double-Bit Axe
24:49 Scale Barding Armor
24:46 Padded Archer Armor
24:52 Crossbowman
25:34 Bodkin Arrow
26:29 Husbandry
29:25 Wheelbarrow
28:37 Town Watch
31:26 Forging
32:02 Chain Barding Armor
36:00 Pikeman
Connection lost

Rejoining the realm…

Still unreachable

The connection could not be restored.

Session expired

The server has moved on; the page needs a fresh start.